 Dungeon Crawl Stone Soup version 0.16.1-51-g6203257 (console) character file.

137 ishipenkov the Sneak (level 5, 0/34 HPs)
             Began as a Halfling Assassin on Aug 10, 2015.
             Slain by a killer bee zombie (5 damage)
             ... on level 4 of the Dungeon.
             The game lasted 00:18:47 (2382 turns).

ishipenkov the Sneak (Halfling Assassin)            Turns: 2382, Time: 00:18:48

Health: 0/34       AC:  3    Str: 11    XL:     5   Next: 43%
Magic:  5/5        EV: 13    Int: 10    God:
Gold:   146        SH:  5    Dex: 17    Spells: 0 memorised, 4 levels left

rFire  . . .     SeeInvis .     a - +2 dagger
rCold  . . .     Clarity  .     c - +0 robe
rNeg   . . .     SustAb   .     l - +0 buckler
rPois  .         Gourm    .     (no helmet)
rElec  .         Spirit   .     d - +0 cloak
rCorr  .         Warding  .     (no gloves)
rMut   .         Stasis   .     (no boots)
MR     +....                    (no amulet)
Stlth  ++++......               (no ring)
                                o - ring of protection from magic

@: somewhat resistant to hostile enchantments, stealthy
A: mutation resistance 1
a: no special abilities


You were on level 4 of the Dungeon.
You were not hungry.

You visited 1 branch of the dungeon, and saw 4 of its levels.

You collected 146 gold pieces.

Inventory:

Hand weapons
 a - a +2 dagger (weapon)
 b - a +0 blowgun
Missiles
 e - 8 poisoned needles
 f - 2 curare-tipped needles
Armour
 c - a +0 robe (worn)
 d - a +0 cloak (worn)
 l - a +0 buckler (worn)
 n - a cursed +0 leather armour
Jewellery
 o - a ring of protection from magic (left hand)
Potions
 j - 2 potions of curing
 k - a potion of poison {unknown}
 m - 2 potions of heal wounds {unknown}
 p - a potion of restore abilities {unknown}
Comestibles
 g - 4 bread rations
 h - a slice of pizza
 i - a meat ration


   Skills:
 - Level 1.7 Fighting
 + Level 4.7 Short Blades
 - Level 2.6 Throwing
 - Level 1.1 Dodging
 + Level 5.6 Stealth
 + Level 2.2 Shields


You had 4 spell levels left.
You didn't know any spells.

Dungeon Overview and Level Annotations

Branches:
Dungeon (4/15)
 Temple: D:4-7

Altars:
The Shining One

Shops:
D:4 [

Annotations:
D:3 krupnik16's ghost, average GrFi


Innate Abilities, Weirdness & Mutations

You are small and have problems with some larger weapons.
You are somewhat resistant to further mutation.


Message History

You miss the killer bee zombie. The killer bee zombie hits you!
You block the killer bee zombie's attack.
You closely miss the killer bee zombie.
The killer bee zombie completely misses you.
You hit the killer bee zombie.
The killer bee zombie closely misses you.
The killer bee zombie hits you but does no damage.
You miss the killer bee zombie. The killer bee zombie hits you!
You hit the killer bee zombie.
The killer bee zombie closely misses you.
The killer bee zombie barely misses you.
You hit the killer bee zombie.
The killer bee zombie closely misses you.
You hit the killer bee zombie.
You block the killer bee zombie's attack.
The killer bee zombie hits you!
* * * LOW HITPOINT WARNING * * *
The killer bee zombie barely misses you.
The killer bee zombie hits you.
You die...

... #... # #... .#
#..# ...# ##
#..##..... ..#.
##..#.... .....
#......#
.....###8...#
#.......Z@.#
##....8.∩.8.#
##...........#
##...#....8##......
.....###....#
#.....
#.........####..(..
...................
...##............
#.<...##.....


You could see a killer bee zombie.

Vanquished Creatures
  Crazy Yiuf (D:3)
  4 adders
  3 worms
  A giant gecko (D:3)
  An orc (D:3)
  3 giant cockroaches
  10 hobgoblins
  2 jackals (D:3)
  7 kobolds
  10 bats
  2 giant newts
  3 goblins (D:3)
  6 rats
53 creatures vanquished.

Notes
Turn   | Place    | Note
--------------------------------------------------------------
     0 | D:1      | ishipenkov, the Halfling Assassin, began the quest for the Orb.
     0 | D:1      | Reached XP level 1. HP: 14/14 MP: 1/1
   113 | D:1      | Reached XP level 2. HP: 12/19 MP: 2/2
   581 | D:3      | Reached skill level 5 in Stealth
   702 | D:3      | Reached XP level 3. HP: 24/24 MP: 3/3
  1234 | D:2      | Reached XP level 4. HP: 18/29 MP: 4/4
  1543 | D:3      | Reached skill level 1 in Shields
  1977 | D:3      | Noticed Crazy Yiuf
  1983 | D:3      | Killed Crazy Yiuf
  1983 | D:3      | Reached XP level 5. HP: 34/34 MP: 5/5
  2035 | D:3      | Found a glowing golden altar of the Shining One.
  2047 | D:3      | Noticed krupnik16's ghost (average GrFi)
  2285 | D:4      | Found Ofrouwke's Armour Emporium.
  2382 | D:4      | Slain by a killer bee zombie

Action                   |  1- 3 |  4- 6 || total
-------------------------+-------+-------++-------
Melee: Dagger            |    62 |   107 ||   169
 Fire: Blowgun           |    13 |    14 ||    27
  Use: Scroll            |       |     5 ||     5
 Stab: Sleeping          |    10 |     6 ||    16
       Distracted        |       |     1 ||     1
  Eat: Chunk             |     1 |     2 ||     3
       Beef jerky        |       |     1 ||     1
